 Dungeon Crawl Stone Soup version 0.20.0-15-g7f486f2 (webtiles) character file.

30338 Gorglomux the Fighter (level 13, -1/119 HPs)
             Began as a Minotaur Berserker on June 11, 2017.
             Was a High Priest of Trog.
             Slain by a manticore (4 damage)
             ... on level 6 of the Lair of Beasts.
             The game lasted 00:10:40 (12232 turns).

Gorglomux the Fighter (Minotaur Berserker)         Turns: 12232, Time: 00:10:41

Health: -1/119     AC: 19    Str: 29    XL:     13   Next: 20%
Magic:  12/12      EV: 14    Int:  4    God:    Trog [*****.]
Gold:   830        SH: 13    Dex: 15    Spells: 12/12 levels left

rFire    . . .     SeeInvis .   K - +1 war axe
rCold    . . .     Gourm    .   U - +0 shield
rNeg     . . .     Faith    .   x - +0 plate armour
rPois    +         Spirit   .   (helmet restricted)
rElec    .         Reflect  .   (no cloak)
rCorr    .         Harm     .   u - +2 pair of gloves
MR       +....                  (no boots)
Stlth    ..........             (no amulet)
Regen    0.3/turn               o - ring of poison resistance
MPRegen  0.2/turn               Y - ring of Fixation {MR+ Str+4 Dex+3 Slay+3}

@: lethally poisoned (-1 -> -1), barbed spikes, berserk cooldown, slowed, very
slow
A: retaliatory headbutt, horns 2
a: Berserk, Trog's Hand, Brothers in Arms, Burn Spellbooks, Renounce Religion


You were on level 6 of the Lair of Beasts.
You worshipped Trog.
Trog was extremely pleased with you.
You were not hungry.

You visited 2 branches of the dungeon, and saw 16 of its levels.

You collected 830 gold pieces.

Inventory:

Hand Weapons
 a - a +0 hand axe
 K - a +1 war axe (weapon)
Missiles
 Z - a throwing net (quivered)
Armour
 b - a +0 animal skin
 u - a +2 pair of gloves (worn)
 x - a +0 plate armour (worn)
 B - a +0 chain mail
 U - a +0 shield (worn)
Jewellery
 c - an uncursed ring of protection from cold
 o - a ring of poison resistance (left hand)
 p - an uncursed ring of see invisible {unknown}
 q - an uncursed ring of wizardry {unknown}
 T - an uncursed ring of positive energy
 Y - the ring of Fixation (right hand) {MR+ Str+4 Dex+3 Slay+3}
   (You found it on level 7 of the Dungeon)

   [ring of protection from magic]

   It affects your strength (+4).
   It affects your dexterity (+3).
   It affects your accuracy and damage with ranged weapons and melee attacks
   (+3).
   It affects your resistance to hostile enchantments.
Wands
 I - a wand of iceblast (1/15)
 L - a wand of lightning (8/15)
 S - a wand of scattershot (1/9)
Scrolls
 t - 3 scrolls of random uselessness {unknown}
 G - 2 scrolls of teleportation {unknown}
 H - a scroll of enchant armour {unknown}
 M - 3 scrolls of blinking {unknown}
 N - a scroll of fog
 O - 3 scrolls of enchant weapon
 R - 3 scrolls of identify
 W - a scroll of immolation {unknown}
 X - 2 scrolls of recharging {unknown}
Potions
 d - 10 potions of curing
 r - a potion of experience {unknown}
 s - a potion of magic {unknown}
 v - a potion of mutation {!q}
 A - 4 potions of lignification
 C - 2 potions of agility {unknown}
 D - 4 potions of ambrosia
 F - a potion of resistance
 J - 6 potions of heal wounds
 V - 2 potions of might
Comestibles
 z - 6 meat rations
 E - 34 fruits
 P - 3 royal jellies
 Q - 11 bread rations


   Skills:
 + Level 12.8 Fighting
 + Level 12.6 Axes
 + Level 12.4 Armour
 + Level 11.2 Dodging
 + Level 11.2 Shields


You had 12 spell levels left.
You didn't know any spells.

Dungeon Overview and Level Annotations

Branches:
Dungeon (10/15)            Temple (0/1) D:7            Lair (6/6) D:9
 Shoals (0/4) Lair:2        Snake (0/4) Lair:2
  Slime: Lair:5-6       Orc: D:9-12

Altars:
Ashenzari
Cheibriados
Dithmenos
Kikubaaqudgha
Okawaru
Ru
Xom
Zin


Innate Abilities, Weirdness & Mutations

You reflexively headbutt those who attack you in melee.
You have a pair of horns on your head.


Message History

The manticore flicks its tail.
The volley of spikes hits you!
The barbed spikes become lodged in your body.
* * * LOW HITPOINT WARNING * * *
The barbs in your skin will harm you if you move.
Continue?
Okay, then.
You slash the manticore!
The manticore is moderately wounded.
You block the manticore's attack. The manticore claws you.
* * * LOW HITPOINT WARNING * * *
You block the manticore's attack.
You slash the manticore! You headbutt the manticore.
The manticore is almost dead.
You feel sick.
The manticore flicks its tail.
The volley of spikes hits you!
The barbed spikes become lodged in your body.
* * * LOW HITPOINT WARNING * * *
You block the manticore's attack. x2; The manticore claws you.
You die...

......# #........≈≈P≈≈##≈
......####........≈≈≈≈≈≈≈
.......##....†.....##≈≈# ≈≈
...........#........#H≈#.P≈
..................≈≈..≈.≈≈≈
..................†........
...........................
##.P.......................
##.............@H.........
#.........................
#.........................
##..........<.............
# ##.......................
###...[...................
.##.....................P
###÷..................k.
..<÷............


You could see 2 manticores and a lindwurm.

Vanquished Creatures
  Josephine (Lair:6)
  A catoblepas (Lair:3)
  2 alligators (Lair:4)
  A two-headed ogre (D:10)
  A swamp dragon (Lair:4)
  A sea snake (Lair:6)
  A salamander (Lair:2)
  A merfolk siren (Lair:2)
  5 elephants
  2 black mambas
  9 spiny frogs
  2 rime drakes
  8 komodo dragons
  A troll (D:10)
  4 polar bears (Lair:1)
  Grinder (D:4)
  A hornet (Lair:6)
  9 blink frogs (Lair:6)
  Prince Ribbit (D:9)
  2 slime creatures (Lair:4)
  5 hippogriffs
  4 wyverns
  31 yaks
  5 wraiths (Lair:6)
  A hungry ghost (D:10)
  4 swamp worms (Lair:4)
  4 nagas (Lair:2)
  4 water moccasins
  2 swamp drakes (Lair:4)
  10 porcupines
  3 sky beasts
  An orc warrior (D:8)
  2 ice beasts
  6 black bears
  2 phantoms
  3 centaurs
  4 ogres
  6 wolves (Lair:1)
  5 crocodiles
  2 big kobolds
  10 bullfrogs
  A wyvern skeleton (D:8)
  2 scorpions
  3 howler monkeys (D:7)
  4 crimson imps
  A centaur zombie (D:6)
  3 orc priests
  3 jellies
  A bullfrog skeleton (D:7)
  6 hounds
  Jessica (D:3)
  An iguana (D:6)
  9 orc wizards
  9 worker ants
  2 hound skeletons
  A worker ant zombie (D:5)
  6 gnolls
  7 adders
  A shadow imp (D:6)
  2 adder skeletons
  7 worms
  2 dart slugs (D:2)
  8 leopard geckos
  29 orcs
  2 giant cockroaches
  5 goblins
  9 hobgoblins
  8 jackals
  4 quokkas
  A ball python (D:4)
  7 bats
  11 frilled lizards
  3 jackal skeletons
  18 kobolds
  A leopard gecko skeleton (D:5)
  A quokka skeleton (D:7)
  4 rats
351 creatures vanquished.

Vanquished Creatures (others)
  2 fungi
  A plant (Lair:6)
3 creatures vanquished.

Grand Total: 354 creatures vanquished

Notes
Turn   | Place    | Note
-------+----------+-------------------------------------------
     0 | D:1      | Gorglomux the Minotaur Berserker began the quest for the Orb.
     0 | D:1      | Reached XP level 1. HP: 19/19 MP: 0/0
   276 | D:1      | Reached XP level 2. HP: 27/27 MP: 1/1
   523 | D:2      | Reached skill level 3 in Armour
   620 | D:2      | Reached XP level 3. HP: 27/33 MP: 2/2
   747 | D:2      | Reached ** piety under Trog
   794 | D:2      | Found a faded altar of an unknown god.
  1023 | D:3      | Reached XP level 4. HP: 30/41 MP: 3/3
  1172 | D:3      | Found an iron altar of Okawaru.
  1431 | D:3      | Reached skill level 3 in Dodging
  1438 | D:3      | Reached XP level 5. HP: 42/48 MP: 4/4
  1748 | D:3      | Noticed Jessica
  1756 | D:3      | Killed Jessica
  1871 | D:3      | Reached *** piety under Trog
  2224 | D:4      | Noticed a phantom
  2240 | D:4      | Killed a phantom
  2240 | D:4      | Reached XP level 6. HP: 56/56 MP: 5/5
  2668 | D:4      | Found a glowing silver altar of Zin.
  2835 | D:4      | Noticed an ice beast
  2843 | D:4      | Killed an ice beast
  2843 | D:4      | Reached skill level 6 in Fighting
  2843 | D:4      | Reached XP level 7. HP: 63/63 MP: 6/6
  2944 | D:5      | Entered Level 5 of the Dungeon
  3283 | D:5      | Noticed Grinder
  3313 | D:4      | Paralysed by Grinder for 4 turns
  3317 | D:4      | Killed Grinder
  3317 | D:4      | Reached skill level 6 in Axes
  3444 | D:5      | Reached skill level 6 in Armour
  3464 | D:5      | Reached XP level 8. HP: 71/71 MP: 7/7
  3473 | D:5      | Reached skill level 1 in Shields
  3691 | D:5      | Found a shimmering altar of Xom.
  3939 | D:6      | Found a shadowy altar of Dithmenos.
  4174 | D:7      | Reached skill level 6 in Dodging
  4181 | D:7      | Got a crude bronze ring
  4182 | D:7      | Identified the ring of Fixation {MR+ Str+4 Dex+3 Slay+3} (You found it on level 7 of the Dungeon)
  4201 | D:7      | Found a staircase to the Ecumenical Temple.
  4215 | D:7      | Reached skill level 3 in Shields
  4216 | D:7      | Reached **** piety under Trog
  4383 | D:7      | Reached XP level 9. HP: 81/81 MP: 8/8
  5351 | D:9      | Found a sacrificial altar of Ru.
  5362 | D:9      | Found an ancient bone altar of Kikubaaqudgha.
  5379 | D:9      | Noticed Prince Ribbit
  5386 | D:9      | Killed Prince Ribbit
  5459 | D:9      | Received a gift from Trog
  5525 | D:9      | Reached skill level 9 in Fighting
  5535 | D:9      | Found a snail-covered altar of Cheibriados.
  5570 | D:9      | Found a shattered altar of Ashenzari.
  5603 | D:9      | Found a staircase to the Lair.
  6005 | D:10     | Entered Level 10 of the Dungeon
  6036 | D:10     | Noticed a troll
  6044 | D:10     | Killed a troll
  6044 | D:10     | Reached XP level 10. HP: 72/91 MP: 9/9
  6280 | D:10     | Noticed a two-headed ogre
  6287 | D:10     | Killed a two-headed ogre
  6287 | D:10     | Reached skill level 9 in Axes
  6287 | D:10     | Reached skill level 6 in Shields
  6445 | D:10     | Reached skill level 9 in Armour
  6859 | Lair:1   | Entered Level 1 of the Lair of Beasts
  6859 | Lair:1   | Noticed a black mamba
  6867 | Lair:1   | Killed a black mamba
  6877 | Lair:1   | Reached ***** piety under Trog
  7274 | Lair:1   | Reached XP level 11. HP: 88/100 MP: 10/10
  7343 | Lair:1   | Found a shimmering altar of Xom.
  7829 | Lair:2   | Reached skill level 9 in Dodging
  7889 | Lair:2   | Received a gift from Trog
  8173 | Lair:2   | Found a staircase to the Snake Pit.
  8196 | Lair:2   | Reached skill level 9 in Shields
  8709 | Lair:2   | Found a staircase to the Shoals.
  9459 | Lair:3   | Reached XP level 12. HP: 110/110 MP: 11/11
  9582 | Lair:3   | Noticed a catoblepas
  9605 | Lair:3   | Killed a catoblepas
 10341 | Lair:4   | Noticed an alligator
 10348 | Lair:4   | Killed an alligator
 10514 | Lair:4   | Noticed an alligator
 10527 | Lair:4   | Killed an alligator
 10528 | Lair:4   | Reached skill level 12 in Fighting
 11117 | Lair:5   | Reached skill level 12 in Axes
 11436 | Lair:5   | Reached skill level 12 in Armour
 11643 | Lair:6   | Entered Level 6 of the Lair of Beasts
 11645 | Lair:6   | Noticed Josephine
 11655 | Lair:6   | Killed Josephine
 11785 | Lair:6   | Reached XP level 13. HP: 119/119 MP: 12/12
 12232 | Lair:6   | HP: 3/119 [manticore/volley of spikes (12)]
 12232 | Lair:6   | Slain by a manticore

Skill      XL: |  1  2  3  4  5  6  7  8  9 10 11 12 13 |
---------------+----------------------------------------+-----
Fighting       | 4 5 6 7 9 10 11 12 | 12.8
Armour         | 3 4 5 6 7 8 10 11 12 | 12.4
Axes           | 4 5 6 7 8 9 11 12 | 12.6
Dodging        | 3 4 5 6 7 8 9 11 | 11.2
Shields        | 3 5 7 9 10 11 | 11.2

Action                   |  1- 3 |  4- 6 |  7- 9 | 10-12 | 13-15 || total
-------------------------+-------+-------+-------+-------+-------++-------
Melee: Hand axe          |    93 |   109 |       |     4 |       ||   206
       Headbutt          |    11 |    14 |    44 |   109 |    15 ||   193
       War axe           |       |    31 |   213 |   377 |    38 ||   659
Invok: Berserk           |     1 |     3 |     6 |    12 |     1 ||    23
       Trog's Hand       |       |       |     3 |     7 |       ||    10
       Burn Spellbooks   |       |       |     2 |     4 |       ||     6
  Use: Scroll            |       |       |     6 |     9 |     1 ||    16
  Eat: Chunk             |     1 |     8 |    13 |    27 |     1 ||    50
       Meat ration       |       |       |     1 |     1 |       ||     2
       Royal jelly       |       |       |       |       |     1 ||     1
Armor: Animal skin       |     4 |       |       |       |       ||     4
       Chain mail        |    34 |    57 |    89 |    58 |       ||   238
       Plate armour      |       |       |       |   128 |    10 ||   138
Dodge: Dodged            |    40 |    71 |    78 |   232 |    17 ||   438
Block: Shield            |       |       |    97 |   328 |    28 ||   453
